 Dungeon Crawl Stone Soup version 0.18-a0-822-gb52b7b4 (webtiles) character file.

8 Raultor the Skirmisher (level 2, 18/24 HPs)
             Began as a Demonspawn Fighter on Dec 16, 2015.
             Quit the game on level 1 of the Dungeon.
             The game lasted 00:00:38 (227 turns).

Raultor the Skirmisher (Demonspawn Fighter)          Turns: 227, Time: 00:00:38

Health: 18/24      AC:  6    Str: 16    XL:     2   Next: 0%
Magic:  2/2        EV:  6    Int:  9    God:
Gold:   39         SH:  8    Dex: 12    Spells: 0 memorised, 1 level left

rFire  . . .     SeeInvis .     a - +0 flail
rCold  . . .     Gourm    .     b - +0 scale mail
rNeg   . . .     Faith    .     c - +0 shield
rPois  .         Spirit   .     (no helmet)
rElec  .         Dismiss  .     (no cloak)
rCorr  .         Reflect  .     (no gloves)
SustAt .         Harm     .     (no boots)
MR     .....                    (no amulet)
Stlth  +.........               (no ring)
                                (no ring)

@: not resistant to hostile enchantments, very unstealthy
A: nightstalker 1
a: no special abilities


You were on level 1 of the Dungeon.
You were not hungry.

You visited 1 branch of the dungeon, and saw 1 of its levels.

You collected 39 gold pieces.

Inventory:

Hand Weapons
 a - a +0 flail (weapon)
Armour
 b - a +0 scale mail (worn)
 c - a +0 shield (worn)
Potions
 d - a potion of might
Comestibles
 f - a bread ration {@e1}
 g - 2 chunks of flesh {@w0}


   Skills:
 - Level 3.1 Fighting
 * Level 2.0 Maces & Flails
 + Level 2.8 Armour
 + Level 2.8 Shields


You had one spell level left.
You didn't know any spells.

Dungeon Overview and Level Annotations

Branches:
Dungeon (1/15)

Altars:


Innate Abilities, Weirdness & Mutations

You are slightly more attuned to the shadows.


Message History

Found a stone staircase leading down.
There is a stone staircase leading down here.
A giant cockroach comes into view.
You closely miss the giant cockroach.
The giant cockroach bites you but does no damage.
You block the giant cockroach's attack.
Your shield and scale mail prevent you from hitting the giant cockroach.
The giant cockroach bites you but does no damage. x2
You hit the giant cockroach.
You kill the giant cockroach!
No target in view!
You see here a giant cockroach corpse.
A hobgoblin comes into view. It is wielding a club.
The hobgoblin shouts!
The hobgoblin hits you but does no damage.
You sock the hobgoblin!
You kill the hobgoblin!
No target in view!
Things that are here:
a club; a hobgoblin corpse You butcher the hobgoblin corpse.
g - a chunk of flesh {@w0}
Things that are here:
a club; a hobgoblin skeleton A goblin comes into view.
It is wielding a dagger.
The goblin shouts!
No target in view!
No target in view!
You hit the goblin.
You kill the goblin!
No target in view!
No target in view!
Things that are here:
a dagger; a goblin corpse
Things that are here:
a dagger; 13 sling bullets
Found a stone staircase leading down.
There is a stone staircase leading down here.
A bat comes into view.
You block the bat's attack. The bat hits you but does no damage.
You miss the bat. The bat hits you but does no damage.
The bat hits you but does no damage. x2
You sock the bat!
You kill the bat!
No target in view!
You see here a bat corpse.
A goblin comes into view. It is wielding a dagger.
The goblin shouts!
You block the goblin's attack.
You hit the goblin. The goblin barely misses you.
You thump the goblin!
You kill the goblin!
No target in view!
Things that are here:
a dagger; a goblin corpse You butcher the goblin corpse.
g - 2 chunks of flesh {@w0} (gained 1)
Things that are here:
a dagger; a goblin skeleton
Found a stone staircase leading down.
A giant gecko comes into view.
You closely miss the giant gecko. The giant gecko bites you.
The giant gecko bites you but does no damage.
You take 2 damage, and have 16/18 hp.
Your shield prevents you from hitting the giant gecko.
The giant gecko bites you but does no damage.
You block the giant gecko's attack.
You completely miss the giant gecko. You block the giant gecko's attack.
You closely miss the giant gecko.
The giant gecko bites you but does no damage. x2
You hit the giant gecko but do no damage.
You block the giant gecko's attack. The giant gecko bites you.
You take 2 damage, and have 14/18 hp.
You miss the giant gecko.
The giant gecko bites you but does no damage.
You closely miss the giant gecko.
The giant gecko bites you but does no damage. x2
You sock the giant gecko!
You kill the giant gecko!
Your Maces & Flails skill increases to level 2!
No target in view!
You now have 39 gold pieces (gained 10).
A kobold comes into view.
The kobold shouts!
You block the kobold's attack.
You closely miss the kobold. You block the kobold's attack.
You barely miss the kobold. You block the kobold's attack.
You closely miss the kobold. The kobold hits you but does no damage.
You block the kobold's attack.
You closely miss the kobold. You block the kobold's attack.
You barely miss the kobold. You block the kobold's attack. The kobold hits you.
You take 1 damage, and have 14/18 hp.
You barely miss the kobold. The kobold hits you but does no damage.
You sock the kobold!
You kill the kobold!
You have reached level 2!
Your demonic ancestry asserts itself...
You slip into the darkness of the dungeon.
You regained 4 hp, and now have 18/24 hp.
MP restored: 2

#..# #.##..#..#
#..######.###...##
#...............#
########.........####......
#........†#.##.### #..####
...#####..#.#.#.### .....
..........#......# ..###
..########@..#.... ..#
#.†###..## ... #>..# .##
#..... ######. .# .


There were no monsters in sight!

Vanquished Creatures
  A giant gecko (D:1)
  A hobgoblin (D:1)
  A kobold (D:1)
  A bat (D:1)
  A giant cockroach (D:1)
  2 goblins (D:1)
7 creatures vanquished.

Notes
Turn   | Place    | Note
--------------------------------------------------------------
     0 | D:1      | Raultor the Demonspawn Fighter began the quest for the Orb.
     0 | D:1      | Reached XP level 1. HP: 18/18 MP: 1/1
   211 | D:1      | Reached skill level 2 in Maces & Flails
   226 | D:1      | Gained mutation: You are slightly more attuned to the shadows. [demonic ancestry]
   226 | D:1      | Reached XP level 2. HP: 18/24 MP: 2/2
   227 | D:1      | Quit the game

Vault maps used:
D:1:      scummos_arrival_gate, patterned_corridor

Action                   || total
-------------------------++-------
Melee: Flail             ||    24

Vault maps used:
D:1:      scummos_arrival_gate, patterned_corridor

Table legend:
 A = Turns spent in this place as a percentage of turns spent in the entire game.
 B = Non-inter-level travel turns spent in this place as a percentage of non-inter-level travel turns spent in the entire game.
 C = Inter-level travel turns spent in this place as a percentage of turns spent in this place.
 D = Turns resting spent in this place as a percentage of non-inter-level travel turns spent in this place.
 E = Turns spent auto-exploring this place as a percentage of non-inter-level travel turns spent in this place.
 F = Non-inter-level travel turns spent in this place divided by the number of levels of this place that you've seen.
                   A       B       C       D       E      F
               +-------+-------+-------+-------+-------+----------------------
         Total | 100.0 | 100.0 |   0.0 |   0.0 |  23.1 |  65.0
       Dungeon | 100.0 | 100.0 |   0.0 |   0.0 |  23.1 |  65.0
               +-------+-------+-------+-------+-------+----------------------

Table legend:
 A = Kills in this place as a percentage of kills in entire the game.
 B = Kills by you in this place as a percentage of kills by you in the entire game.
 C = Kills by friends in this place as a percentage of kills by friends in the entire game.
 D = Other kills in this place as a percentage of other kills in the entire game.
 E = Experience gained in this place as a percentage of experience gained in the entire game.
 F = Experience gained in this place divided by the number of levels of this place that you have seen.
                   A       B       C       D       E      F
               +-------+-------+-------+-------+-------+----------------------
         Total | 100.0 | 100.0 |  -nan |  -nan | 100.0 |  12.0
       Dungeon | 100.0 | 100.0 |  -nan |  -nan | 100.0 |  12.0
               +-------+-------+-------+-------+-------+----------------------
